 Dungeon Crawl Stone Soup version 0.21-a0-349-g0c35859 (webtiles) character file.

72 vishdafish the Skirmisher (level 4, 35/35 HPs)
             Began as a Demonspawn Fighter on Oct 7, 2017.
             Quit the game on level 2 of the Dungeon.
             The game lasted 00:01:34 (1412 turns).

vishdafish the Skirmisher (Demonspawn Fighter)      Turns: 1412, Time: 00:01:34

Health: 35/35      AC: 11    Str: 19    XL:     4   Next: 7%
Magic:  4/4        EV:  7    Int: 10    God:
Gold:   73         SH:  9    Dex: 13    Spells: 3/3 levels left

rFire    . . .     SeeInvis .   a - +0 war axe
rCold    . . .     Gourm    .   c - +0 shield
rNeg     . . .     Faith    .   b - +0 scale mail
rPois    .         Spirit   .   (no helmet)
rElec    .         Reflect  .   t - +0 cloak
rCorr    .         Harm     .   (no gloves)
MR       .....                  k - +0 pair of boots
Stlth    ..........             (no amulet)
HPRegen  0.11/turn              o - +3 ring of strength
MPRegen  0.09/turn              (no ring)

@: no status effects
A: slimy green scales 1, powered by pain 1
a: no special abilities


You were on level 2 of the Dungeon.
You were not hungry.

You visited 1 branch of the dungeon, and saw 2 of its levels.

You collected 73 gold pieces.

Inventory:

Hand Weapons
 a - a +0 war axe (weapon)
Armour
 b - a +0 scale mail (worn)
 c - a +0 shield (worn)
 k - a +0 pair of boots (worn)
 t - a +0 cloak (worn)
Jewellery
 o - a +3 ring of strength (left hand)
Scrolls
 g - 2 scrolls of remove curse {unknown}
 h - 3 scrolls of teleportation {unknown}
 j - 2 scrolls of noise {unknown}
 m - a scroll of magic mapping {unknown}
 p - a scroll of enchant weapon {unknown}
 q - a scroll of recharging {unknown}
Potions
 d - a potion of might
 e - a potion of berserk rage {unknown}
 i - a potion of heal wounds {unknown}
 l - 2 potions of haste {unknown}
 n - 2 potions of curing {unknown}
Comestibles
 f - 2 bread rations
 r - 2 royal jellies


   Skills:
 + Level 3.3 Fighting
 * Level 2.7 Axes
 + Level 3.1 Armour
 + Level 1.1 Dodging
 + Level 3.0 Shields


You had 3 spell levels left.
You didn't know any spells.

Dungeon Overview and Level Annotations

Branches:
Dungeon (2/15)

Altars:


Innate Abilities, Weirdness & Mutations

You are partially covered in slimy green scales. (AC +2)
You sometimes gain a little power by taking damage.


Message History

g - 2 scrolls labeled XIRUKA MAEDACK (gained 1)
You see here a goblin corpse.
Things that are here:
a club; a hobgoblin corpse An adder comes into view.
The adder hisses angrily.
An adder is nearby!
You see here a royal jelly.
You hit the adder but do no damage. The adder barely misses you.
You block the adder's attack.
You slash the adder!
You kill the adder!
You have reached level 4!
You feel agile.
Your demonic ancestry asserts itself...
You feel energised by your suffering.
r - 2 royal jellies (gained 1)
A ball python comes into view.
The ball python hisses angrily.
An adder comes into view.
Are you sure you want to abandon this character and quit the game? (Confirm with "yes".)

##########
.........######
###.######.......##
...........@....S.S
###.####.....#.....
####.##...........##
#.................#
#..#.##.......#####
# #..#.####.....####
#.#..#†####.........
#......)...#.#..####
####.#.............#


You could see an adder (wandering) and a ball python.

Vanquished Creatures
  Crazy Yiuf (D:2)
  An adder (D:2)
  2 dart slugs
  2 leopard geckos (D:2)
  A ball python (D:2)
  A bat (D:1)
  2 giant cockroaches (D:1)
  2 goblins (D:2)
  5 hobgoblins
  2 frilled lizards (D:1)
  A jackal skeleton (D:2)
  2 kobolds
  6 rats
28 creatures vanquished.

Notes
Turn   | Place    | Note
-------+----------+-------------------------------------------
     0 | D:1      | vishdafish the Demonspawn Fighter began the quest for the Orb.
     0 | D:1      | Reached XP level 1. HP: 18/18 MP: 1/1
   463 | D:1      | Gained mutation: You are partially covered in slimy green scales. (AC +2) [demonic ancestry]
   463 | D:1      | Reached XP level 2. HP: 24/24 MP: 2/2
   930 | D:2      | Found a faded altar of an unknown god.
  1183 | D:2      | Reached XP level 3. HP: 29/29 MP: 3/3
  1259 | D:2      | Found a runed door.
  1313 | D:2      | Noticed Crazy Yiuf
  1319 | D:2      | Killed Crazy Yiuf
  1319 | D:2      | Reached skill level 1 in Dodging
  1403 | D:2      | Gained mutation: You sometimes gain a little power by taking damage. [demonic ancestry]
  1403 | D:2      | Reached XP level 4. HP: 34/35 MP: 4/4
  1412 | D:2      | Quit the game

Vault maps used:
D:1:      denvon_arrival_planthouse, serial_glass, glass_columns_a,
          glass_columns_c, minivault_23
D:2:      chequers_ecumenical_altar_simple, uniq_crazy_yiuf_cottage, uniq_robin

Skill      XL: |  1  2  3 |
---------------+----------+-----
Axes           | 2 |  2.7
Armour         | 3 |  3.1
Dodging        | 1 |  1.1
Shields        | 3 |  3.0
Fighting       | |  3.3

Action                   |  1- 3 |  4- 6 || total
-------------------------+-------+-------++-------
Melee: War axe           |   116 |       ||   116
  Eat: Chunk             |     2 |       ||     2
Armor: Scale mail        |    52 |       ||    52
Dodge: Dodged            |    34 |       ||    34
Block: Shield            |    68 |       ||    68

Table legend:
 A = Spawn XP
 B = Non-spawn XP
 C = Spawn XP percentage of total XP
 D = Spawn monster count
 E = Non-spawn monster count
 F = Spawn count percentage of total count
 G = Total turns spent on level
                    A         B        C        D         E        F      G
               +---------+---------+-------+---------+---------+-------+---------
         Total |       0 |     104 |   0.0 |       0 |      28 |   0.0 |  1412
               +---------+---------+-------+---------+---------+-------+---------
           D:1 |       0 |      20 |   0.0 |       0 |      12 |   0.0 |   906
           D:2 |       0 |      84 |   0.0 |       0 |      16 |   0.0 |   506
               +---------+---------+-------+---------+---------+-------+---------
